 Dungeon Crawl Stone Soup version 0.31-a0-977-gc230f8ef24 (webtiles) character file.

Game seed: 11212970295686133423

45 Dordric the Insei (level 3, -2/26 HPs)
             Began as a Gnoll Shapeshifter on Oct 30, 2023.
             Slain by an orc
             ... wielding a +0 trident
              (5 damage)
             ... on level 3 of the Dungeon.
             The game lasted 00:01:39 (1321 turns).

Dordric the Insei (Gnoll Shapeshifter)              Turns: 1321, Time: 00:01:39

Health: -2/26      AC:  2    Str: 13    XL:     3   Next: 64%
Magic:  4/4        EV: 13    Int:  9    God:
Gold:   89         SH:  0    Dex: 13    Spells: 3/3 levels left

rFire   . .          .
                       - Unarmed
rCold   . . .        (shield currently unavailable)
rNeg    . . .        a - +0 animal skin
rPois   .            (no helmet)
rElec   .            (no cloak)
rCorr   .            (no gloves)
SInv    .            (no boots)
Will    .....        (no amulet)
Stlth   +            (no ring)
HPRegen 0.24/turn    (no ring)
MPRegen 0.09/turn

%: no passive effects
@: flux-form, glowing
A: glow, contaminating, reduced hp, fangs 1, strong nose, distributed training
a: Begin Untransformation


You were on level 3 of the Dungeon.
You were something dangerously unstable.
You visited 1 branch of the dungeon, and saw 3 of its levels.

You collected 89 gold pieces.

Inventory:

Armour
 a - a +0 animal skin (worn)
Talismans
 c - a beast talisman
 d - a flux talisman (active)
Wands
 l - a wand of mindburst (16)
Scrolls
 e - a scroll of vulnerability {unknown}
 f - a scroll of acquirement {unknown}
 g - a scroll of fog {unknown}
 h - a scroll of revelation {unknown}
 i - a scroll of enchant weapon {unknown}
 j - a scroll of immolation {unknown}
 m - a scroll of blinking {unknown}
Potions
 b - a potion of lignification
 k - 2 potions of curing {unknown}
 n - a potion of invisibility {unknown}
 o - a potion of brilliance {unknown}


   Skills:
 + Level 2.6 Fighting
 + Level 0.9 Short Blades
 + Level 0.9 Long Blades
 + Level 0.9 Axes
 + Level 0.9 Maces & Flails
 + Level 0.9 Polearms
 + Level 0.9 Staves
 + Level 0.9 Ranged Weapons
 + Level 0.9 Throwing
 + Level 0.9 Armour
 + Level 4.5 Dodging
 + Level 0.9 Stealth
 + Level 0.9 Shields
 + Level 6.5 Unarmed Combat
 + Level 0.9 Spellcasting
 + Level 0.6 Conjurations
 + Level 0.6 Hexes
 + Level 0.6 Summonings
 + Level 0.6 Necromancy
 + Level 0.6 Translocations
 + Level 0.6 Transmutations
 + Level 0.6 Fire Magic
 + Level 0.6 Ice Magic
 + Level 0.6 Air Magic
 + Level 0.6 Earth Magic
 + Level 0.6 Poison Magic
 + Level 1.0 Invocations
 + Level 0.9 Evocations
 + Level 6.5 Shapeshifting


You had 3 spell levels left.
You didn't know any spells.
Your spell library contained the following spells:

 Spells                   Type           Power      Damage    Failure   Level
 Ignite Poison            Fire/Tmut/Pois 1%         N/A       65%         3
 Sticky Flame             Conj/Fire      1%         2d3       96%         4
 Ignition                 Fire           0%         3d3       100%        8


Dungeon Overview and Level Annotations

Branches:
Dungeon (3/15)

Altars:

Annotations:
D:3 Robin


Innate Abilities, Weirdness & Mutations

You are something dangerously unstable.
You glow with magical radiation, making you easy to see and hit.
Foes you strike become dangerously contaminated with magical radiation.
Your maximum health is decreased, since you lack skill for your form.
You are incapable of wielding weapons or throwing items.
You have very sharp teeth.
Your uncanny sense of smell can sniff out nearby items.
Your experience applies equally to all skills.


Message History

The orc is heavily wounded.
The orc hits you with a +0 whip. The orc misses you.
The orc closely misses you.
You hit the orc but do no damage.
The orc glows dangerously bright.
The orc is heavily wounded.
The orc hits you but does no damage.
You are electrocuted!
Ouch! That really hurt!
The orc closely misses you.
You are too injured to fight recklessly!
You are too injured to fight recklessly!
You are too injured to fight recklessly!
You are too injured to fight recklessly!
You are too injured to fight recklessly!
You are too injured to fight recklessly!
You are too injured to fight recklessly!
You are too injured to fight recklessly!
You are too injured to fight recklessly!
You are too injured to fight recklessly!
You are too injured to fight recklessly!
You are too injured to fight recklessly!
You are too injured to fight recklessly!
You are too injured to fight recklessly!
You are too injured to fight recklessly!
You hit the orc.
The orc begins to glow.
The orc is severely wounded.
You hit the orc.
You kill the orc!
You hit the orc but do no damage.
The orc glows dangerously bright.
The orc is moderately wounded.
The orc hits you but does no damage.
You hit the orc.
The orc shudders as magic cascades through it!!
You kill the orc!
The orc hits you with a +0 trident!
* * * LOW HITPOINT WARNING * * *
Items here: )) [ ††.
The orc completely misses you. The orc attacks as it pursues you!
The orc hits you from afar with a +0 trident.
You die...

#g #....
#......# #g
#.†###.#
#<.....# #.####
#......#
###.#### #....#
#.############.#
####.#
#.###..........#
#.#
#....<##########
#.###..####
#......###
####...p.#
#...#.# #####o#
##.## #..o#
#...# #...#
########...####
...............#


You could see 2 orcs.

Vanquished Creatures
  An adder (D:2)
  2 orcs (D:3)
  3 bats
  4 goblins
  3 hobgoblins
  2 jackals (D:2)
  4 quokkas
  4 ball pythons
  4 frilled lizards (D:2)
  3 kobolds (D:1)
  3 rats
33 creatures vanquished.

Notes
Turn   | Place    | Note
-------+----------+-------------------------------------------
     0 | D:1      | Dordric the Gnoll Shapeshifter began the quest for the Orb.
     0 | D:1      | Reached XP level 1. HP: 17/17 MP: 1/1
   232 | D:1      | Reached XP level 2. HP: 23/23 MP: 2/2
   743 | D:2      | Reached XP level 3. HP: 3/28 MP: 2/4
   746 | D:2      | HP: 2/42 [poisoned by an adder]
   927 | D:2      | Reached skill level 1 in Invocations
  1268 | D:3      | Noticed Robin
  1321 | D:3      | Slain by an orc

Illustrated notes

Levels and vault maps discovered:
D:1:      heliophobic_arrival_battle_scene, layout_rooms, hangedman_decor_push
D:2:      layout_rooms
D:3:      layout_loops_cross, cheibrodos_sewer_entry_bend,
          kennysheep_cross_room, uniq_robin, uniq_ijyb, uniq_natasha

Skill      XL: |  1  2  3 |
---------------+----------+-----
Invocations    | 1 |  1.0
Fighting       | |  2.6
Short Blades   | |  0.9
Long Blades    | |  0.9
Axes           | |  0.9
Maces & Flails | |  0.9
Polearms       | |  0.9
Staves         | |  0.9
Ranged Weapons | |  0.9
Throwing       | |  0.9
Armour         | |  0.9
Dodging        | |  4.5
Stealth        | |  0.9
Shields        | |  0.9
Unarmed Combat | |  6.5
Spellcasting   | |  0.9
Conjurations   | |  0.6
Hexes          | |  0.6
Summonings     | |  0.6
Necromancy     | |  0.6
Translocations | |  0.6
Transmutations | |  0.6
Fire Magic     | |  0.6
Ice Magic      | |  0.6
Air Magic      | |  0.6
Earth Magic    | |  0.6
Poison Magic   | |  0.6
Evocations     | |  0.9
Shapeshifting  | |  6.5

Action                     || total
---------------------------++-------
  Melee: Unarmed           ||   100
         Bite              ||     7
    Use: Potion            ||     1
   Stab: Sleeping          ||     1
 Armour: Animal skin       ||    45
         Skin              ||     2
  Dodge: Dodged            ||    72
   Form: Flux              ||     1

Table legend: (Time is in decaauts)
 A = Elapsed time spent in this place.
 B = Non-inter-level travel time spent in this place.
 C = Inter-level travel time spent in this place.
 D = Time resting spent in this place.
 E = Time spent auto-exploring this place.
 F = Levels seen in this place.
 G = Mean time per level.
                   A        B        C        D        E       F      G
               +--------+--------+--------+--------+--------+-----+--------+
         Total |   1309 |   1197 |    112 |    110 |    827 |   3 |  436.3 |
       Dungeon |   1309 |   1197 |    112 |    110 |    827 |   3 |  436.3 |
               +--------+--------+--------+--------+--------+-----+--------+

Top non-repeatable levels by time:
     D:2: 642 daAuts
     D:1: 575 daAuts
     D:3: 91 daAuts
